 Dungeon Crawl Stone Soup version 0.29.0-4-gdea44cf6ec (webtiles) character file.

Game seed: 17602959118534430143

9293 qw the Severer (level 11, -8/99 HPs)
             Began as a Minotaur Berserker on Sept 4, 2022.
             Was an Elder of Trog.
             Mangled by a 14-headed hydra (10 damage)
             ... on level 12 of the Dungeon.
             The game lasted 00:03:19 (10183 turns).

qw the Severer (Minotaur Berserker)                Turns: 10183, Time: 00:03:20

Health: -8/99      AC: 20    Str: 26    XL:     11   Next: 21%
Magic:  10/10      EV:  9    Int:  4    God:    Trog [****..]
Gold:   658        SH: 12    Dex: 16    Spells: 10/10 levels left

rFire   . . .      SeeInvis .   q - +0 broad axe
rCold   . . .      Faith    .   p - +2 buckler
rNeg    . . .      Spirit   .   v - +0 plate armour
rPois   .          Reflect  +   (helmet restricted)
rElec   .          Harm     .   h - +1 cloak
rCorr   .          Rampage  .   (no gloves)
Will    .....                   b - +2 pair of boots
Stlth   ..........              k - amulet of reflection
HPRegen 1.06/turn               g - +6 ring of dexterity
MPRegen 0.12/turn               (no ring)

@: about to teleport, on berserk cooldown, slowed, very slow
A: horns 2, retaliatory headbutt, hooves 2, regeneration 1, shaggy fur 1
a: Renounce Religion, Berserk, Trog's Hand, Brothers in Arms


You were on level 12 of the Dungeon.
You worshipped Trog.
Trog was greatly pleased with you.
You visited 1 branch of the dungeon, and saw 11 of its levels.

You collected 793 gold pieces.
You spent 135 gold pieces at shops.


Innate Abilities, Weirdness & Mutations

You have a pair of horns on your head.
You reflexively headbutt those who attack you in melee.
You have hoof-like feet.
Your natural rate of healing is unusually fast.
You are covered in fur. (AC +1)


   Skills:
 - Level 9.8 Fighting
 + Level 15.8 Axes
 - Level 1.4 Throwing
 - Level 8.2 Armour
 - Level 4.0 Dodging
 - Level 5.5 Shields


You had 10 spell levels left.
You didn't know any spells.
Your spell library was empty.

Inventory:

Hand Weapons
 c - a +0 morningstar
 q - a +0 broad axe (weapon)
Missiles
 e - 5 boomerangs (quivered)
Armour
 b - a +2 pair of boots (worn)
 h - a +1 cloak (worn)
 p - a +2 buckler (worn)
 s - a +0 pair of gloves
 v - a +0 plate armour (worn)
Jewellery
 d - a ring of ice
 g - a +6 ring of dexterity (left hand)
 k - an amulet of reflection (around neck)
Scrolls
 l - 3 scrolls of identify
 n - a scroll of teleportation
Potions
 a - 2 potions of curing
 f - 2 potions of might
 i - a potion of resistance
 j - 2 potions of cancellation
 m - 2 potions of mutation
 o - a potion of haste {unknown}
 r - a potion of lignification {unknown}
 t - a potion of heal wounds {unknown}

Dungeon Overview and Level Annotations

Branches:
Dungeon (12/15)            Temple (0/1) D:6
   Lair: D:8-11         Orc: D:9-12

Altars:
Elyvilon
Gozag
Kikubaaqudgha
Makhleb
Nemelex Xobeh
Ru
Sif Muna
Trog
Uskayaw
Wu Jian
Yredelemnul
Zin
The Shining One

Shops:
D:3 ?   D:4 =*

Annotations:
D:3 2 runed translucent doors, qw's ghost, amateur OgEn
D:7 1 runed translucent door, Crazy Yiuf


Message History

The 12-headed hydra closely misses you.
You lop one of the 12-headed hydra's heads off!
The 11-headed hydra grows two more!
You slash the 13-headed hydra! You headbutt the 13-headed hydra!
The 13-headed hydra is almost dead.
You barely miss the 13-headed hydra.
Your headbutt misses the 13-headed hydra.
The 13-headed hydra is almost dead.
The 13-headed hydra bites you!
The 13-headed hydra bites you but does no damage.
You block the 13-headed hydra's attack. The 13-headed hydra bites you.
The 13-headed hydra bites you but does no damage. x2
The 13-headed hydra barely misses you. The 13-headed hydra bites you.
The 13-headed hydra closely misses you. You block the 13-headed hydra's attack.
The 13-headed hydra bites you.
The 13-headed hydra bites you but does no damage. x2
You slice one of the 13-headed hydra's heads off!
The 12-headed hydra grows two more!
You slash the 14-headed hydra!
The 14-headed hydra is almost dead.
You are no longer berserk.
You are exhausted.
You feel yourself slow down. You block the 14-headed hydra's attack.
The 14-headed hydra bites you but does no damage. x3
The 14-headed hydra barely misses you. The 14-headed hydra closely misses you.
You block the 14-headed hydra's attack. x2
The 14-headed hydra bites you but does no damage.
The 14-headed hydra bites you. You block the 14-headed hydra's attack.
The 14-headed hydra bites you but does no damage.
The 14-headed hydra bites you. x2
10183 ||| READING 2 scrolls of teleportation.
As you read the scroll of teleportation, it crumbles to dust.
You feel strangely unstable. You block the 14-headed hydra's attack.
The 14-headed hydra bites you.
The 14-headed hydra bites you but does no damage. x2
The 14-headed hydra closely misses you. The 14-headed hydra bites you!
You block the 14-headed hydra's attack. The 14-headed hydra closely misses you.
The 14-headed hydra bites you! The 14-headed hydra bites you.
The 14-headed hydra bites you but does no damage.
The 14-headed hydra barely misses you. The 14-headed hydra bites you!
You die...

.. .......
##.####.....?...
#......#........#
................#
.................
................#
......D.........#
.......@........#
..........)......
....$...#%#####. ## #.
.........%..#### .##..
.........##....#......
.........#####.#......
........$# #.#......
.........# #........
.......# ##......).


You could see a 14-headed hydra.

Vanquished Creatures
  2 two-headed ogres
  A hydra (D:9)
  Maurice (D:9)
  Joseph (D:7)
  A troll (D:10)
  Grinder (D:3)
  2 hornets (D:9)
  A shadow (D:10)
  Eustachio (D:4)
  6 yaks (D:6)
  Grum (D:9)
  8 vampire mosquitoes
  2 acid dragons
  A black bear (D:7)
  3 ice beasts
  2 orc warriors (D:9)
  A sky beast (D:8)
  4 wolves (D:9)
  3 centaurs
  6 ogres
  A phantom (D:5)
  A kobold brigand (D:7)
  2 gnoll sergeants
  A necrophage (D:7)
  3 scorpions
  6 killer bees (D:10)
  A howler monkey (D:9)
  2 gnoll boudas
  3 hounds
  5 orc priests
  8 orc wizards
  Natasha (thrice) (D:3)
  3 iguanas
  Robin (D:3)
  16 gnolls
  An adder (D:4)
  A shadow imp (D:8)
  A white imp (D:5)
  3 worms
  2 dart slugs (D:3)
  33 orcs
  5 ball pythons
  5 endoplasms
  A giant cockroach (D:3)
  13 goblins
  12 hobgoblins
  3 jackals (D:5)
  11 kobolds
  5 quokkas
  6 bats
  4 frilled lizards
  2 rats
212 creatures vanquished.

Notes
Turn   | Place    | Note
-------+----------+-------------------------------------------
     0 | D:1      | qw the Minotaur Berserker began the quest for the Orb.
     0 | D:1      | Reached XP level 1. HP: 19/19 MP: 0/0
     0 | D:1      | 0 ||| qw: Version: 0.1-a-103-gd6f5d3a
     0 | D:1      | 0 ||| qw: Game counter: 5633
     0 | D:1      | 0 ||| qw: Always use a shield: true
     0 | D:1      | 0 ||| qw: Do Orc after D:15 true
     0 | D:1      | 0 ||| qw: Do second Lair branch before Depths: true
     0 | D:1      | 0 ||| qw: Lair rune preference: random
     0 | D:1      | 0 ||| qw: Plans: Normal
     0 | D:1      | 0 ||| PLANNING D:1-11
    75 | D:1      | 75 ||| Stepping ~*~*~tactically~*~*~ (stealth).
    99 | D:1      | 99 ||| Stepping ~*~*~tactically~*~*~ (stealth).
   102 | D:1      | 102 ||| Stepping ~*~*~tactically~*~*~ (stealth).
   109 | D:1      | Reached skill level 4 in Axes
   237 | D:1      | Reached XP level 2. HP: 26/26 MP: 1/1
   278 | D:1      | 278 ||| DROPPING +0 club.
   590 | D:1      | 590 ||| UPGRADING to +0 ring mail.
   600 | D:1      | 600 ||| DROPPING +0 animal skin.
   601 | D:1      | 601 ||| UPGRADING to +0 chain mail.
   611 | D:1      | 611 ||| DROPPING +0 ring mail.
   612 | D:1      | 612 ||| READING scroll labelled SIETEE HOABUGE.
   661 | D:2      | 661 ||| INVOKING Berserk.
   830 | D:2      | Reached skill level 5 in Axes
   973 | D:2      | 973 ||| Stepping ~*~*~tactically~*~*~ (stealth).
   979 | D:2      | Reached XP level 3. HP: 27/31 MP: 2/2
  1256 | D:2      | 1256 ||| UPGRADING to +0 pair of boots.
  1261 | D:2      | 1261 ||| READING scroll labelled DYKOKIDIER.
  1265 | D:2      | 1265 ||| READING 2 scrolls labelled HUVORR SIWOSHI.
  1266 | D:2      | 1266 ||| READING 2 scrolls labelled RIWUL LOPHA.
  1267 | D:2      | 1267 ||| READING scroll of enchant weapon.
  1267 | D:2      | 1267 ||| ENCHANTING +1 hand axe.
  1268 | D:2      | 1268 ||| READING 2 scrolls labelled ADASCH XIRE.
  1269 | D:2      | 1269 ||| READING scroll labelled MAMUCH QIMI.
  1270 | D:2      | 1270 ||| DRINKING 2 fuming grey potions.
  1271 | D:2      | 1271 ||| DROPPING scroll of fear.
  1272 | D:2      | 1272 ||| DROPPING scroll of magic mapping.
  1273 | D:2      | 1273 ||| Stepping randomly (stuck).
  1274 | D:2      | 1274 ||| Stepping ~*~*~tactically~*~*~ (cloud).
  1281 | D:2      | HP: 7/31 [poisoned by you (poison gas)]
  1579 | D:3      | Noticed Robin
  1586 | D:3      | 1586 ||| INVOKING Berserk.
  1591 | D:3      | Killed Robin
  1716 | D:3      | 1716 ||| Stepping randomly (stuck).
  1759 | D:3      | Found a runed translucent door.
  1818 | D:3      | Reached ** piety under Trog
  1845 | D:3      | 1845 ||| Stepping ~*~*~tactically~*~*~ (stealth).
  1848 | D:3      | Noticed Natasha
  1849 | D:3      | 1849 ||| Stepping ~*~*~tactically~*~*~ (hiding).
  1853 | D:3      | 1853 ||| INVOKING Berserk.
  1859 | D:3      | Killed Natasha
  1860 | D:3      | Reached skill level 6 in Axes
  1860 | D:3      | Reached XP level 4. HP: 39/39 MP: 3/3
  2074 | D:3      | 2074 ||| INVOKING Berserk.
  2080 | D:3      | Noticed Natasha
  2088 | D:3      | HP: 9/39 [Natasha/magic dart (4)]
  2090 | D:3      | Killed Natasha
  2106 | D:3      | Noticed Natasha
  2107 | D:3      | HP: 7/39 [Natasha/magic dart (6)]
  2109 | D:3      | 2109 ||| INVOKING Berserk.
  2111 | D:3      | Killed Natasha
  2112 | D:3      | Reached skill level 7 in Axes
  2112 | D:3      | Reached XP level 5. HP: 9/45 MP: 4/4
  2383 | D:3      | Found Amikyphugu's Magic Scroll Boutique.
  2386 | D:3      | 2386 ||| BUYING scroll of enchant armour (75 gold).
  2386 | D:3      | Bought a scroll of enchant armour for 75 gold pieces
  2386 | D:3      | 2386 ||| BUYING scroll of identify (20 gold).
  2386 | D:3      | Bought a scroll of identify for 20 gold pieces
  2386 | D:3      | 2386 ||| BUYING scroll of identify (20 gold).
  2386 | D:3      | Bought a scroll of identify for 20 gold pieces
  2386 | D:3      | 2386 ||| BUYING scroll of identify (20 gold).
  2386 | D:3      | Bought a scroll of identify for 20 gold pieces
  2386 | D:3      | 2386 ||| READING scroll of enchant armour.
  2386 | D:3      | 2386 ||| ENCHANTING +0 pair of boots.
  2515 | D:3      | Found a faded altar of an unknown god.
  2520 | D:3      | Found a basalt altar of Yredelemnul.
  2526 | D:3      | Noticed Grinder
  2527 | D:3      | 2527 ||| INVOKING Trog's Hand.
  2532 | D:3      | 2532 ||| INVOKING Berserk.
  2535 | D:3      | Killed Grinder
  2536 | D:3      | Reached skill level 6 in Fighting
  2536 | D:3      | Reached XP level 6. HP: 57/57 MP: 5/5
  2729 | D:3      | Found a runed translucent door.
  2730 | D:3      | Noticed qw's ghost (amateur OgEn)
  2796 | D:3      | 2796 ||| UPGRADING to +0 cloak.
  2801 | D:3      | 2801 ||| DRINKING 2 bubbling golden potions.
  2802 | D:3      | 2802 ||| READING 4 scrolls of identify.
  2802 | D:3      | 2802 ||| IDENTIFYING orange potion
  2803 | D:3      | 2803 ||| READING 3 scrolls of identify.
  2803 | D:3      | 2803 ||| IDENTIFYING pink potion
  2804 | D:3      | 2804 ||| READING 2 scrolls of identify.
  2804 | D:3      | 2804 ||| IDENTIFYING green potion
  2805 | D:3      | 2805 ||| DROPPING potion of attraction.
  2806 | D:3      | 2806 ||| DROPPING potion of invisibility.
  2807 | D:3      | 2807 ||| DROPPING potion of degeneration.
  2941 | D:4      | Found Lantian's Jewellery Shoppe.
  2950 | D:4      | 2950 ||| SHOPLISTING +6 ring of dexterity (360 gold, have
                  | 20).
  2950 | D:4      | 2950 ||| SHOPLISTING +6 ring of strength (360 gold, have
                  | 20).
  2950 | D:4      | 2950 ||| SHOPLISTING amulet of reflection (300 gold, have
                  | 20).
  2950 | D:4      | 2950 ||| SHOPLISTING ring "Kaikke" {MP-9 EV+4 Str+2 Int+4}
                  | (367 gold, have 20).
  2960 | D:4      | Noticed Eustachio
  2964 | D:4      | 2964 ||| INVOKING Berserk.
  2997 | D:4      | Killed Eustachio
  2998 | D:4      | Reached skill level 8 in Axes
  2998 | D:4      | Reached XP level 7. HP: 40/63 MP: 6/6
  3006 | D:4      | 3006 ||| FLEEEEING.
  3007 | D:4      | 3007 ||| FLEEEEING.
  3008 | D:4      | 3008 ||| Stepping ~*~*~tactically~*~*~ (stealth).
  3010 | D:4      | 3010 ||| FLEEEEING.
  3011 | D:4      | 3011 ||| FLEEEEING.
  3017 | D:4      | 3017 ||| FLEEEEING.
  3018 | D:4      | 3018 ||| FLEEEEING.
  3019 | D:4      | 3019 ||| FLEEEEING.
  3027 | D:4      | 3027 ||| FLEEEEING.
  3028 | D:4      | 3028 ||| FLEEEEING.
  3032 | D:4      | 3032 ||| FLEEEEING.
  3033 | D:4      | 3033 ||| FLEEEEING.
  3035 | D:4      | 3035 ||| FLEEEEING.
  3037 | D:4      | 3037 ||| FLEEEEING.
  3045 | D:4      | 3045 ||| FLEEEEING.
  3046 | D:4      | 3046 ||| FLEEEEING.
  3047 | D:4      | 3047 ||| FLEEEEING.
  3048 | D:4      | 3048 ||| STAIRDANCE
  3160 | D:4      | Found an ornate altar of the Wu Jian Council.
  3164 | D:4      | 3164 ||| Stepping ~*~*~tactically~*~*~ (stealth).
  3168 | D:4      | 3168 ||| Stepping ~*~*~tactically~*~*~ (stealth).
  3169 | D:4      | 3169 ||| Stepping ~*~*~tactically~*~*~ (stealth).
  3172 | D:4      | 3172 ||| INVOKING Berserk.
  3177 | D:4      | Reached skill level 3 in Armour
  3213 | D:4      | Found a shimmering blue altar of Sif Muna.
  3329 | D:4      | 3329 ||| SWAPPING to +0 war axe.
  3330 | D:4      | 3330 ||| DROPPING +2 hand axe.
  3389 | D:4      | 3389 ||| INVOKING Berserk.
  3655 | D:4      | Found Taraisk's General Store.
  3663 | D:4      | 3663 ||| SHOPLISTING +1 pair of gloves (161 gold, have 41).
  3663 | D:4      | 3663 ||| SHOPLISTING potion of haste (140 gold, have 41).
  3663 | D:4      | 3663 ||| SHOPLISTING potion of heal wounds (70 gold, have
                  | 41).
  3692 | D:4      | 3692 ||| READING scroll labelled WYEGGI FESOEK.
  3793 | D:4      | 3793 ||| READING scroll labelled YWKAAD MYFUI.
  3794 | D:4      | 3794 ||| READING scroll labelled GASISI DERE.
  3795 | D:4      | 3795 ||| DRINKING 2 fizzy pink potions.
  3795 | D:4      | Gained mutation: You have hidden genetic potential. [potion
                  | of mutation]
  3795 | D:4      | Gained mutation: You have large cloven feet. [potion of
                  | mutation]
  3795 | D:4      | Gained mutation: Your natural rate of healing is unusually
                  | fast. [potion of mutation]
  3796 | D:4      | 3796 ||| READING 2 scrolls of identify.
  3796 | D:4      | 3796 ||| IDENTIFYING coppery potion
  3888 | D:3      | 3888 ||| READING scroll of teleportation.
  3951 | D:5      | Entered Level 5 of the Dungeon
  3959 | D:5      | 3959 ||| Stepping ~*~*~tactically~*~*~ (hiding).
  4077 | D:5      | 4077 ||| Stepping ~*~*~tactically~*~*~ (hiding).
  4085 | D:5      | 4085 ||| Stepping ~*~*~tactically~*~*~ (stealth).
  4090 | D:5      | 4090 ||| INVOKING Berserk.
  4092 | D:5      | Reached skill level 9 in Axes
  4449 | D:5      | 4449 ||| READING scroll of enchant armour.
  4449 | D:5      | 4449 ||| ENCHANTING +1 pair of boots.
  4521 | D:5      | Identified the +4 short sword "Lolair" {holy, Str+3}
  4585 | D:5      | 4585 ||| INVOKING Berserk.
  4589 | D:5      | Reached skill level 10 in Axes
  4659 | D:5      | Found a glowing golden altar of the Shining One.
  5004 | D:5      | 5004 ||| DROPPING orb of wrath.
  5005 | D:5      | 5005 ||| UPGRADING to amulet of reflection.
  5010 | D:5      | 5010 ||| READING 2 scrolls of identify.
  5010 | D:5      | 5010 ||| IDENTIFYING fuming green potion
  5011 | D:5      | 5011 ||| DROPPING potion of magic.
  5037 | D:6      | Reached skill level 1 in Throwing
  5037 | D:6      | Reached XP level 8. HP: 70/70 MP: 7/7
  5160 | D:6      | Found an ancient bone altar of Kikubaaqudgha.
  5243 | D:6      | Gained mutation: You have hoof-like feet. [hidden
                  | potential]
  5416 | D:6      | Identified the +10 long sword "Valelil" {antimagic, rElec
                  | rC+}
  5497 | D:6      | 5497 ||| Stepping ~*~*~tactically~*~*~ (hiding).
  5504 | D:6      | Reached skill level 11 in Axes
  5560 | D:6      | Found a staircase to the Ecumenical Temple.
  5560 | D:6      | Found a faded altar of an unknown god.
  5688 | D:6      | Reached skill level 12 in Axes
  5704 | D:6      | Reached XP level 9. HP: 55/79 MP: 8/8
  5714 | D:6      | 5714 ||| INVOKING Berserk.
  5725 | D:6      | Gained mutation: You are covered in fur. (AC +1) [hidden
                  | potential]
  5725 | D:6      | Lost mutation: You have hidden genetic potential. [hidden
                  | potential expressed]
  5814 | D:6      | 5814 ||| READING scroll labelled PUFIWITYDY.
  5901 | D:7      | 5901 ||| INVOKING Berserk.
  5907 | D:7      | Reached skill level 13 in Axes
  6031 | D:7      | 6031 ||| INVOKING Berserk.
  6164 | D:7      | 6164 ||| INVOKING Berserk.
  6319 | D:7      | 6319 ||| INVOKING Berserk.
  6326 | D:7      | Reached *** piety under Trog
  6445 | D:7      | Identified the +1 battleaxe "Meum" {vorpal, rElec rF+
                  | Str+7}
  6518 | D:7      | 6518 ||| INVOKING Berserk.
  6630 | D:7      | Found a burning altar of Makhleb.
  6703 | D:7      | Found a white marble altar of Elyvilon.
  6813 | D:7      | 6813 ||| INVOKING Berserk.
  6918 | D:7      | 6918 ||| Stepping ~*~*~tactically~*~*~ (stealth).
  6919 | D:7      | 6919 ||| Stepping ~*~*~tactically~*~*~ (stealth).
  6921 | D:7      | 6921 ||| Stepping ~*~*~tactically~*~*~ (stealth).
  6923 | D:7      | 6923 ||| Stepping ~*~*~tactically~*~*~ (stealth).
  6998 | D:7      | Noticed Joseph
  6998 | D:7      | Paralysed by Joseph for 4 turns
  7008 | D:7      | Paralysed by Joseph for 2 turns
  7017 | D:7      | Killed Joseph
  7018 | D:7      | Reached skill level 14 in Axes
  7034 | D:7      | Found a runed translucent door.
  7035 | D:7      | Noticed Crazy Yiuf
  7490 | D:7      | 7490 ||| UPGRADING to +2 buckler.
  7495 | D:7      | 7495 ||| UPGRADING to +0 plate armour.
  7505 | D:7      | 7505 ||| DROPPING +0 chain mail.
  7506 | D:7      | 7506 ||| READING scroll labelled PEFOXT HUIHOGG.
  7544 | D:7      | 7544 ||| READING scroll labelled WOSYUD UPNEQ.
  7545 | D:7      | 7545 ||| READING 2 scrolls of identify.
  7545 | D:7      | 7545 ||| IDENTIFYING puce potion
  7546 | D:7      | 7546 ||| DROPPING potion of brilliance.
  7573 | D:8      | 7573 ||| Stepping ~*~*~tactically~*~*~ (stealth).
  7575 | D:8      | 7575 ||| Stepping ~*~*~tactically~*~*~ (hiding).
  7619 | D:8      | 7619 ||| Stepping ~*~*~tactically~*~*~ (hiding).
  7632 | D:8      | Reached skill level 1 in Shields
  7637 | D:8      | Found a hide-covered altar of Uskayaw.
  7760 | D:8      | 7760 ||| Stepping ~*~*~tactically~*~*~ (stealth).
  7783 | D:8      | 7783 ||| Stepping ~*~*~tactically~*~*~ (hiding).
  7815 | D:8      | 7815 ||| Stepping ~*~*~tactically~*~*~ (hiding).
  7818 | D:8      | Reached XP level 10. HP: 88/88 MP: 9/9
  7924 | D:8      | Found an opulent altar of Gozag.
  7999 | D:8      | 7999 ||| Stepping ~*~*~tactically~*~*~ (hiding).
  8009 | D:8      | Reached skill level 3 in Shields
  8043 | D:8      | 8043 ||| READING scroll of enchant weapon.
  8043 | D:8      | 8043 ||| ENCHANTING +0 war axe.
  8069 | D:8      | 8069 ||| Stepping ~*~*~tactically~*~*~ (hiding).
  8082 | D:8      | 8082 ||| Stepping ~*~*~tactically~*~*~ (stealth).
  8085 | D:8      | Noticed a two-headed ogre
  8090 | D:8      | 8090 ||| INVOKING Berserk.
  8096 | D:8      | Killed a two-headed ogre
  8101 | D:8      | 8101 ||| STAIRDANCE
  8250 | D:7      | 8250 ||| DRINKING 2 bubbling blue potions.
  8351 | D:7      | 8351 ||| READING 3 scrolls of identify.
  8351 | D:7      | 8351 ||| IDENTIFYING metallic puce potion
  8352 | D:7      | 8352 ||| READING 2 scrolls of identify.
  8352 | D:7      | 8352 ||| IDENTIFYING sedimented white potion
  8353 | D:7      | 8353 ||| DROPPING potion of berserk rage.
  8354 | D:7      | 8354 ||| DROPPING potion of ambrosia.
  8384 | D:8      | 8384 ||| READING scroll of enchant weapon.
  8384 | D:8      | 8384 ||| ENCHANTING +1 war axe.
  8471 | D:8      | 8471 ||| READING scroll of enchant armour.
  8471 | D:8      | 8471 ||| ENCHANTING +0 cloak.
  8513 | D:8      | Found a sparkling altar of Nemelex Xobeh.
  8586 | D:9      | 8586 ||| INVOKING Berserk.
  8592 | D:9      | Reached skill level 6 in Armour
  8742 | D:9      | 8742 ||| Stepping ~*~*~tactically~*~*~ (stealth).
  8767 | D:9      | Paralysed by a hornet for 3 turns
  8812 | D:9      | Noticed Grum
  8813 | D:9      | 8813 ||| INVOKING Berserk.
  8817 | D:9      | Killed Grum
  8929 | D:9      | Found a sacrificial altar of Ru.
  8949 | D:9      | Noticed Maurice
  8950 | D:9      | 8950 ||| INVOKING Berserk.
  8967 | D:9      | Killed Maurice
  8968 | D:9      | Reached skill level 15 in Axes
  9077 | D:9      | 9077 ||| DROPPING +0 flail.
  9089 | D:9      | 9089 ||| Stepping ~*~*~tactically~*~*~ (stealth).
  9229 | D:9      | Found a bloodstained altar of Trog.
  9265 | D:9      | Noticed a four-headed hydra
  9268 | D:9      | 9268 ||| SWAPPING to +0 morningstar.
  9269 | D:9      | 9269 ||| INVOKING Berserk.
  9275 | D:9      | Killed a four-headed hydra
  9276 | D:9      | Reached skill level 9 in Fighting
  9282 | D:9      | 9282 ||| SWAPPING to +2 war axe.
  9535 | D:9      | Found a glowing silver altar of Zin.
  9636 | D:9      | 9636 ||| SWAPPING to +0 broad axe.
  9637 | D:9      | 9637 ||| DROPPING +2 war axe.
  9638 | D:9      | 9638 ||| UPGRADING to +6 ring of dexterity.
  9639 | D:9      | 9639 ||| READING 2 scrolls of identify.
  9639 | D:9      | 9639 ||| IDENTIFYING grey potion
  9640 | D:9      | 9640 ||| DROPPING potion of flight.
  9659 | D:10     | Entered Level 10 of the Dungeon
  9661 | D:10     | 9661 ||| STAIRDANCE
  9670 | D:10     | 9670 ||| STAIRDANCE
  9675 | D:9      | Reached skill level 3 in Dodging
  9703 | D:10     | 9703 ||| Stepping ~*~*~tactically~*~*~ (hiding).
  9827 | D:10     | Reached **** piety under Trog
  9828 | D:10     | Reached XP level 11. HP: 99/99 MP: 10/10
  9836 | D:10     | 9836 ||| INVOKING Berserk.
 10140 | D:10     | You fall into a shaft and drop 2 floors!
 10161 | D:12     | Noticed a two-headed ogre
 10162 | D:12     | 10162 ||| INVOKING Berserk.
 10167 | D:12     | Noticed an eight-headed hydra
 10172 | D:12     | Killed a two-headed ogre
 10182 | D:12     | HP: 22/99 [14-headed hydra (5)]
 10183 | D:12     | 10183 ||| READING 2 scrolls of teleportation.
 10183 | D:12     | HP: 3/99 [14-headed hydra (10)]
 10183 | D:12     | Mangled by a 14-headed hydra

Levels and vault maps discovered:
D:1:      dpeg_arrival_three_smaller_balls, layout_rooms,
          grunt_decor_resistance, corexii_item_surrounded_by_moat
D:2:      layout_basic, kennysheep_generic_room_9
D:3:      layout_basic, nicolae_overflow_ecumenical_swirl, serial_shops,
          nicolae_shop_behind_doors, ebering_ghost_sewer_f,
          minmay_strange_pillars, uniq_robin, uniq_grinder, uniq_natasha
D:4:      layout_layer_cave, mainiacjoe_overflow_large_starburst, serial_shops,
          shop, minmay_shop_enchanted_jewellery, uniq_eustachio
D:5:      layout_loops_corners, lemuel_round_altar
D:6:      layout_basic, mainiacjoe_overflow_brackets,
          nicolae_temple_entry_ecumenical
D:7:      kennysheep_housing_project, layout_loops_ring, bloody_makhleb,
          elyvilon_altar_3, grunt_ministairs_13, uniq_joseph,
          uniq_crazy_yiuf_cottage
D:8:      layout_rooms, mainiacjoe_overflow_concentric_impassable,
          nemelex_diamond_rough_becter, eat_drink_and_be_merry_uskayaw
D:9:      layout_roguey, lemuel_coloured_pillars_altar, kennysheep_mini_moat,
          lemuel_doored_altar, uniq_grum, uniq_maurice
D:10:     layout_rooms, erik_lair_orcish_takeover
D:12:     layout_rooms, zombieorc2_lemuel, serial_shops, nicolae_shop_stone,
          grunt_ministairs_1

Skill      XL: |  1  2  3  4  5  6  7  8  9 10 11 |
---------------+----------------------------------+-----
Axes           | 4 5 6 7 8 10 12 14 15 | 15.8
Fighting       | 6 7 8 9 |  9.8
Armour         | 3 5 7 8 |  8.2
Throwing       | 1 |  1.4
Shields        | 2 5 |  5.5
Dodging        | 4 |  4.0

Action                   |  1- 3 |  4- 6 |  7- 9 | 10-12 || total
-------------------------+-------+-------+-------+-------++-------
Melee: Hand axe          |    78 |    61 |    11 |       ||   150
       Headbutt          |    10 |    11 |    52 |    37 ||   110
       Punch             |     1 |     2 |     4 |       ||     7
       War axe           |       |       |   225 |    80 ||   305
       Broad axe         |       |       |       |    72 ||    72
       Unarmed           |       |       |       |     7 ||     7
       Morningstar       |       |       |       |     6 ||     6
Throw: Boomerang         |       |    14 |    31 |    20 ||    65
Invok: Berserk           |     3 |     4 |    11 |     7 ||    25
       Trog's Hand       |       |     1 |       |       ||     1
  Use: Scroll            |     7 |     4 |    11 |     7 ||    29
       Potion            |     1 |     1 |     1 |     1 ||     4
 Stab: Sleeping          |     1 |       |       |       ||     1
Armor: Animal skin       |     1 |       |       |       ||     1
       Chain mail        |    21 |    36 |    66 |       ||   123
       Plate armour      |       |       |    17 |    95 ||   112
Dodge: Dodged            |    20 |    39 |    65 |    54 ||   178
Block: Other             |       |       |    20 |       ||    20
       Buckler           |       |       |    11 |   107 ||   118
       Reflection        |       |       |     4 |     6 ||    10

Table legend:
 A = Non-vault XP
 B = Vault XP
 C = Vault XP percentage of total XP
 D = Non-vault monster count
 E = Vault monster count
 F = Vault count percentage of total count
                 A         B        C        D         E       F
            +---------+---------+-------+---------+---------+-------
      Total |   10041 |    3235 |  24.4 |     163 |      49 |  23.1
            +---------+---------+-------+---------+---------+-------
        D:1 |      24 |       0 |   0.0 |      15 |       0 |   0.0
        D:2 |      22 |       0 |   0.0 |      12 |       0 |   0.0
        D:3 |     118 |     352 |  74.9 |      22 |       9 |  29.0
        D:4 |     192 |     211 |  52.4 |      14 |       1 |   6.7
        D:5 |     443 |       0 |   0.0 |      14 |       0 |   0.0
        D:6 |    1939 |       0 |   0.0 |      18 |       0 |   0.0
        D:7 |     401 |    1534 |  79.3 |      10 |      33 |  76.7
        D:8 |    1410 |       0 |   0.0 |      19 |       0 |   0.0
        D:9 |    2734 |    1138 |  29.4 |      21 |       6 |  22.2
       D:10 |    1222 |       0 |   0.0 |      13 |       0 |   0.0
       D:12 |    1536 |       0 |   0.0 |       5 |       0 |   0.0
            +---------+---------+-------+---------+---------+-------
